 Dungeon Crawl Stone Soup version 0.24.0-1-gfbc8707122 (webtiles) character file.

Game seed: 6374362338172087933, levelgen mode: deterministic

50 Mrkan the Chopper (level 3, -1/34 HPs)
             Began as a Hill Orc Fighter on Oct 26, 2019.
             Killed from afar by Natasha (7 damage)
             ... with a magic dart
             ... on level 2 of the Dungeon.
             The game lasted 00:01:53 (1226 turns).

Mrkan the Chopper (Hill Orc Fighter)                Turns: 1226, Time: 00:01:54

Health: -1/34      AC:  6    Str: 19    XL:     3   Next: 79%
Magic:  3/3        EV:  7    Int:  8    God:
Gold:   35         SH:  9    Dex: 10    Spells: 2/2 levels left

rFire    . . .     SeeInvis .   a - +0 war axe
rCold    . . .     Gourm    .   c - +0 shield
rNeg     . . .     Faith    .   b - +0 scale mail
rPois    .         Spirit   .   (no helmet)
rElec    .         Reflect  .   (no cloak)
rCorr    .         Harm     .   (no gloves)
MR       .....                  (no boots)
Stlth    ..........             (no amulet)
HPRegen  0.11/turn              (no ring)
MPRegen  0.08/turn              (no ring)

@: no status effects
A: no striking features
a: no special abilities


You were on level 2 of the Dungeon.
You were not hungry.

You visited 1 branch of the dungeon, and saw 2 of its levels.

You collected 35 gold pieces.

Inventory:

Hand Weapons
 a - a +0 war axe (weapon)
Armour
 b - a +0 scale mail (worn)
 c - a +0 shield (worn)
Jewellery
 i - an uncursed ring of see invisible {unknown}
Scrolls
 e - 3 scrolls of identify {unknown}
 h - a scroll of amnesia {unknown}
 l - a scroll of teleportation {unknown}
Potions
 d - a potion of might
 g - a potion of lignification {unknown}
 j - a potion of curing {unknown}
 m - a potion of agility {unknown}
Comestibles
 f - 2 rations
 k - 5 chunks of flesh


   Skills:
 + Level 4.3 Fighting
 * Level 4.6 Axes
 - Level 3.2 Armour
 - Level 3.2 Shields


You had 2 spell levels left.
You didn't know any spells.
Your spell library was empty.

Dungeon Overview and Level Annotations

Branches:
Dungeon (2/15)

Altars:

Annotations:
D:2 Natasha


Message History

You miss Natasha.
Your shield and scale mail prevent you from hitting the shadow imp.
Natasha claws you but does no damage. The shadow imp barely misses you.
You completely miss Natasha. You closely miss the shadow imp.
Natasha claws you but does no damage. The shadow imp barely misses you.
Natasha claws you.
You closely miss Natasha. You closely miss the shadow imp.
The shadow imp gestures at you.
You barely resist. Natasha claws you but does no damage.
The shadow imp gestures at you. Pain shoots through your body!
You closely miss Natasha. You hit the shadow imp. Natasha claws you!
* * * LOW HITPOINT WARNING * * *
You block the shadow imp's attack.
Your shield and scale mail prevent you from hitting Natasha.
You slash the shadow imp!
You kill the shadow imp!
Natasha stares at you and mumbles some strange words.
The magic dart hits you!
You die...

# #+## #. ##...## #.##
##.....## # ###... #
##.......## #.#.#.#. ##.
#.........# #.....#. #...
+.........+ ........
##...####.%.......#
#....... #........#.@h....#
##.###. #.##.###.##.....##
#. ## ## #.###...## ####.
#. . #.# #+## #.... #.#.
#.# #.# #.#.. ... #.# #.#
#...# #.# #.# ##.## ##.##
#.######.###...## #.#
#........##.....#########.#


You could see Natasha.

Vanquished Creatures
  An ooze (D:1)
  2 dart slugs
  5 bats
  5 giant cockroaches
  3 goblins (D:1)
  2 hobgoblins
  7 jackals (D:1)
  3 kobolds
  3 frilled lizards (D:1)
  7 rats (D:1)
38 creatures vanquished.

Notes
Turn   | Place    | Note
-------+----------+-------------------------------------------
     0 | D:1      | Mrkan the Hill Orc Fighter began the quest for the Orb.
     0 | D:1      | Reached XP level 1. HP: 19/19 MP: 1/1
    63 | D:1      | Reached XP level 2. HP: 12/27 MP: 2/2
   436 | D:1      | Reached XP level 3. HP: 25/33 MP: 3/3
  1219 | D:2      | Noticed Natasha
  1226 | D:2      | Killed from afar by Natasha

Levels and vault maps discovered:
D:1:      denvon_arrival_planthouse, layout_basic, item_on_display_a
D:2:      minmay_inner_zag, layout_loops_corners, minivault_25, uniq_natasha,
          uniq_jessica, uniq_crazy_yiuf_cottage

Skill      XL: |  1  2 |
---------------+-------+-----
Axes           | 3 4 |  4.6
Fighting       | 4 |  4.3
Armour         | |  3.2
Shields        | |  3.2

Action                   || total
-------------------------++-------
Melee: War axe           ||   119
  Eat: Chunk             ||     1
Armor: Scale mail        ||    78
Dodge: Dodged            ||    39
Block: Shield            ||    75
